Map: Bridgehead LE (Void)

Players

Tuxedo - Winner!

  • Race: Zerg Zerg
  • League: Platinum

Javert

  • Race: Zerg Zerg
  • League: Grandmaster

VOD

Have the link to the VOD?

Description

Time

  • Played on: Sept. 21, 2015, 6:21 p.m.
  • Length: 15:07
Show
View Real Time Build Order
Export as new Build Order

Tuxedo Zerg - Winner!

Build Orders: Hatch First, Lurkers 

Get SALT Encoding   

  12  0:01  Drone  
  13  0:12  Overlord  
  13  0:18  Drone  
  14  0:31  Drone x2  
  14  0:34  Drone  
  17  0:53  Hatchery  
  17  0:56  Drone  
  17  1:01  Drone  
  18  1:08  Drone  
  19  1:14  Extractor  
  18  1:20  Drone, Spawning Pool  
  18  1:29  Drone  
  20  1:40  Drone  
  20  1:49  Overlord  
  20  2:03  Drone  
  20  2:07  Queen  
  23  2:08  Queen  
  23  2:10  Zergling x2  
  23  2:13  Drone  
  27  2:15  Metabolic Boost  
  27  2:18  Drone  
  28  2:23  Drone  
  28  2:29  Zergling x2  
  30  2:37  Baneling Nest, Drone  
  30  2:53  Overlord, Extractor  
  29  3:11  Queen x2  
  32  3:24  Spine Crawler  
  30  3:33  Spine Crawler  
  29  3:35  Spine Crawler  
  29  3:37  Spine Crawler  
  29  3:40  Overlord  
  27  3:43  Drone  
  28  3:58  Drone x2  
  28  3:59  Drone x6  
  36  4:09  Overlord  
  36  4:19  Extractor  
  36  4:21  Extractor  
  36  4:23  Drone  
  35  4:29  Roach Warren  
  34  4:32  Evolution Chamber  
  34  4:35  Evolution Chamber  
  32  4:47  Lair  
  32  4:49  Drone x4  
  32  4:50  Drone  
  37  4:59  Overlord  
  37  5:02  Zerg Missile Weapons Level 1  
  37  5:05  Drone x2  
  39  5:11  Drone  
  40  5:18  Zerg Ground Armor Level 1  
  40  5:21  Drone  
  41  5:22  Drone  
  42  5:44  Drone x4  
  42  5:45  Drone x5  
  51  5:50  Overlord  
  51  6:11  Drone x2, Hydralisk Den  
  53  6:12  Glial Reconstitution  
  52  6:23  Roach x3  
  52  6:24  Roach  
  60  6:29  Hatchery  
  59  6:45  Overlord x3  
  59  6:46  Overlord x2  
  59  7:02  Muscular Augments  
  59  7:05  Roach  
  59  7:06  Roach x5  
  71  7:12  Overseer  
  71  7:21  Zergling x6  
  71  7:22  Zergling x4  
  76  7:27  Zerg Ground Armor Level 2, Zerg Missile Weapons Level 2  
  76  7:36  Roach  
  76  7:37  Roach x2  
  82  7:47  Roach x4  
  88  7:54  Roach x2  
  88  7:55  Roach  
  93  8:09  Drone x3  
  93  8:10  Drone x4  
  100  8:16  Roach x2  
  104  8:35  Infestation Pit  
  104  8:36  Hydralisk  
  104  8:39  Overlord x5  
  105  8:50  Unknown  
  105  8:53  Lurker Den  
  101  9:02  Pneumatized Carapace  
  101  9:20  Hydralisk x7  
  101  9:21  Hydralisk x6  
  127  9:29  Extractor  
  126  9:32  Extractor  
  125  9:49  Hive  
  125  9:51  Burrow  
  125  9:52  Pathogen Glands  
  125  9:54  Zerg Melee Weapons Level 1  
  125  10:07  Hydralisk x4  
  125  10:08  Hydralisk x6  
  145  10:15  Overseer x2  
  145  10:16  Overseer  
  127  10:43  Ravager x4  
  131  10:53  Lurker  
  132  11:38  Ravager x6  
  132  11:39  Ravager  
  139  11:41  Overlord x4  
  139  11:42  Overlord x3  
  139  12:04  Lurker x2  
  116  13:09  Drone x11  
  115  13:39  Hatchery, Roach  
  115  13:40  Roach x10  
  115  13:41  Roach x11  
  148  14:05  Lurker x2  
  148  14:09  Zergling x2  
  151  14:10  Zergling x8  
  132  14:37  Roach x2  
  132  14:38  Roach x3  
Show
View Real Time Build Order
Export as new Build Order

Javert Zerg 

Build Orders: Pool First, Lurkers 

Get SALT Encoding   

  12  0:01  Drone  
  13  0:14  Overlord  
  13  0:18  Drone  
  14  0:33  Drone x2  
  16  0:37  Drone  
  17  0:45  Spawning Pool  
  17  0:49  Drone  
  17  0:58  Drone  
  18  1:15  Hatchery  
  18  1:17  Extractor  
  16  1:19  Drone  
  17  1:33  Roach Warren  
  17  1:38  Queen  
  18  1:45  Drone  
  19  1:50  Overlord  
  19  2:13  Roach x3  
  25  2:20  Queen  
  27  2:31  Drone x2  
  29  2:43  Drone  
  29  2:44  Drone  
  31  3:04  Queen  
  34  3:27  Drone x3  
  34  3:33  Metabolic Boost  
  36  3:39  Hatchery, Baneling Nest  
  34  3:45  Drone x2, Overlord  
  34  3:46  Overlord  
  36  3:57  Lair  
  36  4:04  Extractor  
  36  4:06  Drone x2  
  36  4:07  Evolution Chamber  
  36  4:08  Evolution Chamber  
  35  4:13  Drone x2  
  37  4:20  Drone x3  
  40  4:37  Zerg Missile Weapons Level 1  
  40  4:40  Drone x5  
  45  4:50  Overlord  
  45  4:51  Roach x2  
  49  5:05  Zerg Ground Armor Level 1  
  49  5:07  Overlord  
  49  5:13  Roach x2  
  53  5:15  Drone  
  53  5:16  Drone x2  
  56  5:22  Drone x3  
  56  5:27  Roach x2  
  67  5:35  Roach x2  
  67  5:36  Roach  
  69  5:47  Drone  
  69  5:48  Drone x4  
  74  5:53  Overlord, Extractor  
  74  5:54  Extractor  
  72  6:01  Overlord x3  
  72  6:03  Extractor  
  71  6:04  Glial Reconstitution  
  71  6:05  Extractor  
  71  6:09  Overlord  
  70  6:19  Hydralisk Den  
  70  6:20  Drone x5  
  70  6:24  Overseer  
  74  6:30  Drone  
  74  6:31  Drone x4  
  79  6:40  Lurker Den  
  79  6:44  Drone  
  79  6:45  Drone x5  
  85  6:50  Overlord  
  85  7:02  Zerg Missile Weapons Level 2  
  85  7:14  Overlord x2  
  85  7:16  Drone x7  
  85  7:17  Drone  
  93  7:25  Hydralisk x3  
  99  7:31  Hydralisk x2  
  99  7:54  Hydralisk  
  99  7:55  Hydralisk x8  
  117  8:01  Overlord  
  117  8:04  Zerg Ground Armor Level 2  
  117  8:07  Muscular Augments  
  117  8:13  Lurker x2  
  117  8:14  Lurker  
  117  8:19  Lurker  
  121  8:25  Drone  
  121  8:26  Drone x9  
  131  8:51  Hydralisk x3  
  137  9:04  Overlord  
  137  9:05  Overlord  
  137  9:23  Lurker x6  
  137  9:24  Lurker x2  
  145  9:25  Lurker  
  146  9:31  Drone  
  146  9:32  Drone x7  
  154  9:59  Overlord x2  
  154  10:05  Overseer  
  151  10:38  Roach x6  
  151  10:39  Roach x3  
  169  10:43  Overlord  
  169  10:49  Pneumatized Carapace  
  169  10:54  Infestation Pit  
  168  11:09  Extractor  
  168  11:10  Hatchery, Extractor  
  165  11:11  Hydralisk x2  
  165  11:12  Hydralisk x4  
  177  11:19  Overlord  
  177  11:20  Overlord  
  177  11:24  Overlord x3  
  177  11:35  Hive  
  177  11:37  Zerg Melee Weapons Level 1  
  177  11:43  Hydralisk x4  
  177  11:44  Hydralisk x7  
  199  12:01  Overseer x2  
  199  12:16  Lurker  
  188  12:47  Hydralisk x7  
  193  13:01  Lurker x5  
  193  13:02  Lurker x2  
  200  13:11  Overlord x2  
  200  13:20  Overseer x3  
  200  13:24  Spine Crawler  
  200  13:26  Spine Crawler x3  
  196  13:27  Spine Crawler  
  196  13:28  Spine Crawler  
  196  13:29  Adrenal Glands  
  196  13:30  Spine Crawler  
  196  13:32  Ultralisk Cavern  
  192  13:40  Overseer x3  
  132  14:36  Roach  
  132  14:37  Roach x18  
  132  14:38  Roach x3  
  152  14:41  Lurker x6  
  152  14:42  Lurker x5  
Tags
 
Add a new tag
Caveats
  • Supply blocks, unpowered buildings, or Contaminate may cause inaccurate times.
  • Supply counts are checked every 10 seconds.